 Dungeon Crawl Stone Soup version 0.21.0 (webtiles) character file.

121 Blackhawk the Cudgeler (level 4, -3/60 HPs)
             Began as a Draconian Berserker on May 29, 2018.
             Was a Believer of Trog.
             Slain by a two-headed ogre
             ... wielding a +0 giant club
              (15 damage)
             ... on level 3 of the Dungeon.
             The game lasted 00:05:26 (2857 turns).

Blackhawk the Cudgeler (Draconian Berserker)        Turns: 2857, Time: 00:05:27

Health: -3/60      AC:  5    Str: 25    XL:     4   Next: 77%
Magic:  4/4        EV: 13    Int:  7    God:    Trog [**....]
Gold:   57         SH:  0    Dex: 11    Spells: 3/3 levels left

rFire    . . .     SeeInvis .   a - +0 mace
rCold    . . .     Gourm    .   (no shield)
rNeg     . . .     Faith    .   (armour unavailable)
rPois    .         Spirit   .   (helmet restricted)
rElec    .         Reflect  .   (no cloak)
rCorr    .         Harm     .   (no gloves)
MR       .....                  (no boots)
Stlth    ..........             (no amulet)
HPRegen  0.20/turn              (no ring)
MPRegen  0.09/turn              (no ring)

@: berserking, very quick
A: unfitting armour, cold-blooded, AC +5
a: Berserk, Trog's Hand, Burn Spellbooks, Renounce Religion


You were on level 3 of the Dungeon.
You worshipped Trog.
Trog was pleased with you.
You were very hungry.

You visited 1 branch of the dungeon, and saw 3 of its levels.

You collected 57 gold pieces.

Inventory:

Hand Weapons
 a - a +0 mace (weapon)
 j - a +0 hunting sling
Jewellery
 d - an uncursed ring of see invisible {unknown}
Scrolls
 c - 2 scrolls of fear {unknown}
 e - 5 scrolls of identify {unknown}
 f - 2 scrolls of remove curse {unknown}
 k - a scroll of noise {unknown}
 l - a scroll of teleportation {unknown}
 m - a scroll of random uselessness {unknown}
Potions
 g - a potion of degeneration {unknown}
 i - 3 potions of curing {unknown}
Comestibles
 b - 6 rations
 h - 4 chunks of flesh


   Skills:
 + Level 4.2 Fighting
 + Level 4.3 Maces & Flails
 + Level 3.4 Dodging


You had 3 spell levels left.
You didn't know any spells.

Dungeon Overview and Level Annotations

Branches:
Dungeon (3/15)

Altars:
Fedhas
Ru
Trog
Xom
Zin


Innate Abilities, Weirdness & Mutations

Your plain brown scales are hard. (AC +5)
You cannot fit into any form of body armour.
You are cold-blooded and may be slowed by cold attacks.


Message History

You closely miss the giant cockroach.
You tail-slap the giant cockroach, but do no damage.
The giant cockroach is heavily wounded.
The two-headed ogre hits you with a giant club.
The two-headed ogre completely misses you.
The giant cockroach barely misses you.
You hit the giant cockroach.
You kill the giant cockroach!
Trog accepts your kill.
The two-headed ogre hits you with a giant club!
* * * LOW HITPOINT WARNING * * *
The two-headed ogre completely misses you.
The leopard gecko bites you.
* * * LOW HITPOINT WARNING * * *
A red film seems to cover your vision as you go berserk!
You feel yourself moving faster!
You feel mighty!
You are feeling very hungry.
The two-headed ogre barely misses you.
The two-headed ogre hits you with a giant spiked club!
You die...

####################.#O..#......#
.(...................#...#.####.#
.##...........########...#....#.#
...............#...O.....#.>..#.#
.#รท.....)......#.######..#....#.#
.#..%..........#.# #..#....#.#
.#.............#.# ##.#)...#.#
.#.............#O# .#.#'##.#
.#.#'#########.#@# .#.#.##..
.#.#.# .#l# .........
.#.#.######## #.# .###..##
##.#.#......# #.# ....
#.#[#.####.# #.. ##..## #...#..#.#
#....... .. .....
###.#..#.##.#....... ..# #..##
#.#.......#.......##.#.....
#.##.#.##.# #......###..##


You could see a two-headed ogre and a leopard gecko.

Vanquished Creatures
  A hound (D:2)
  An adder (D:3)
  An ooze (D:1)
  3 worms
  2 dart slugs
  2 leopard geckos
  An orc (D:3)
  4 bats
  5 giant cockroaches
  13 goblins
  10 hobgoblins
  A quokka (D:2)
  3 frilled lizards
  A jackal zombie (D:3)
  6 kobolds
  9 rats
63 creatures vanquished.

Notes
Turn   | Place    | Note
-------+----------+-------------------------------------------
     0 | D:1      | Blackhawk the Draconian Berserker began the quest for the Orb.
     0 | D:1      | Reached XP level 1. HP: 19/19 MP: 1/1
    83 | D:1      | Reached XP level 2. HP: 22/26 MP: 2/2
  1183 | D:2      | Reached XP level 3. HP: 33/33 MP: 3/3
  1463 | D:2      | Found a blossoming altar of Fedhas.
  1476 | D:2      | Reached XP level 4. HP: 18/40 MP: 4/4
  1520 | D:2      | Reached ** piety under Trog
  1774 | D:2      | Found a bloodstained altar of Trog.
  1782 | D:2      | Found a sacrificial altar of Ru.
  2624 | D:3      | Found a glowing silver altar of Zin.
  2787 | D:3      | Noticed a two-headed ogre
  2788 | D:3      | Found a shimmering altar of Xom.
  2857 | D:3      | Slain by a two-headed ogre

Skill      XL: |  1  2  3  4 |
---------------+-------------+-----
Dodging        | 3 |  3.4
Fighting       | 4 |  4.2
Maces & Flails | 4 |  4.3

Action                   |  1- 3 |  4- 6 || total
-------------------------+-------+-------++-------
Melee: Mace              |    99 |    70 ||   169
       Tailslap          |     8 |     8 ||    16
Invok: Berserk           |       |     1 ||     1
  Eat: Chunk             |     2 |     4 ||     6
Armor: Skin              |    23 |     8 ||    31
Dodge: Dodged            |    64 |    49 ||   113
